 Dungeon Crawl Stone Soup version 0.20.1-1-g8b1a95d (webtiles) character file.

30935 Irenicus the Carver (level 13, -9/90 HPs)
             Began as a Tengu Berserker on Oct 13, 2017.
             Was the Champion of Trog.
             Mangled by a two-headed ogre
             ... wielding a +0 giant club
             ... summoned by the player character
              (17 damage)
             ... on level 14 of the Dungeon.
             The game lasted 00:46:26 (11471 turns).

Irenicus the Carver (Tengu Berserker)              Turns: 11471, Time: 00:46:27

Health: -9/90      AC: 10    Str: 16    XL:     13   Next: 54%
Magic:  10/12      EV: 28    Int: 10    God:    Trog [******]
Gold:   992        SH: 11    Dex: 23    Spells: 12/12 levels left

rFire    . . .     SeeInvis .   T - +2 scimitar (distort)
rCold    . . .     Gourm    .   W - +0 buckler
rNeg     . . .     Faith    .   U - +0 steam dragon scales
rPois    .         Spirit   .   A - +1 hat
rElec    .         Reflect  +   V - +0 cloak
rCorr    .         Harm     .   p - +2 pair of gloves
MR       .....     Clarity  +   (boots unavailable)
Stlth    ++........             l - +5 amulet of reflection
Regen    0.3/turn               f - ring "Zukitan" {+Fly Dex+5}
MPRegen  0.2/turn               (no ring)

@: berserk cooldown, flying quickly and evasively, slowed, very slow
A: antennae 1, beak, talons 3, clarity, clever 1, low mp 1, weak 1, able to fly
1
a: Berserk, Trog's Hand, Brothers in Arms, Burn Spellbooks, Renounce Religion


You were on level 14 of the Dungeon.
You worshipped Trog.
Trog was exalted by your worship.
You were very hungry.

You visited 1 branch of the dungeon, and saw 15 of its levels.

You collected 992 gold pieces.

Inventory:

Hand Weapons
 a - a +1 falchion
 M - the +2 morningstar of Pisyim {venom, Dex+3 SInv, unknown}
   (You took it off Kirke on level 13 of the Dungeon)

   It poisons the flesh of those it strikes.
   It affects your dexterity (+3).
   It lets you see invisible.
 T - a +2 scimitar of distortion (weapon)
Armour
 p - a +2 pair of gloves (worn)
 x - the +1 chain mail of Uskayaw's Wrath {+Blink rElec Int-3}
   (You found it on level 5 of the Dungeon)

   It affects your intelligence (-3).
   It insulates you from electricity.
   It lets you blink.
 A - a +1 hat (worn)
 U - +0 steam dragon scales (worn)
 V - a +0 cloak (worn)
 W - a +0 buckler (worn)
Jewellery
 f - the ring "Zukitan" (left hand) {+Fly Dex+5}
   (You found it on level 14 of the Dungeon)

   [ring of flight]

   It affects your dexterity (+5).
   It lets you fly.
 l - a +5 amulet of reflection (around neck)
 o - an uncursed amulet of magic regeneration
 C - an uncursed amulet of regeneration
Wands
 i - a wand of random effects (34/48)
 j - a wand of scattershot (4/9)
 y - a wand of lightning (1/15)
 B - a wand of iceblast (9/15)
 F - a wand of digging (15/24)
 L - a wand of lightning (7/15)
 Q - a wand of confusion (16/48)
 S - a wand of iceblast (7/15)
 X - a wand of enslavement (9/24)
Scrolls
 g - 6 scrolls of identify
 k - a scroll of holy word {unknown}
 q - a scroll of fog {unknown}
 r - 2 scrolls of fear {unknown}
 s - 10 scrolls of remove curse
 t - 4 scrolls of immolation
 u - 2 scrolls of blinking {unknown}
 w - 5 scrolls of teleportation {unknown}
 D - a scroll of magic mapping {unknown}
 G - a scroll of enchant weapon
 K - a scroll of vulnerability {unknown}
 N - 2 scrolls of torment {unknown}
 O - 2 scrolls of recharging
Potions
 b - a potion of haste
 e - 3 potions of brilliance
 m - a potion of berserk rage
 n - 2 potions of curing
 z - 2 potions of lignification {unknown}
 E - 2 potions of ambrosia
 H - 2 potions of resistance
 I - a potion of invisibility {unknown}
 J - 5 potions of flight
 Y - a potion of might {unknown}
Books
 P - a book of Cantrips

   Spells                             Type                      Level
   a - Confusing Touch                Hexes                        1
   b - Animate Skeleton               Necromancy                   1
   c - Summon Small Mammal            Summoning                    1
   d - Apportation                    Translocation                1
   Trog disapproves of the use of such an item.
 R - a book of Battle

   Spells                             Type                      Level
   a - Infusion                       Charms                       1
   b - Shroud of Golubria             Charms/Translocation         2
   c - Song of Slaying                Charms                       2
   d - Spectral Weapon                Hexes/Charms                 3
   e - Regeneration                   Charms/Necromancy            3
   Trog disapproves of the use of such an item.
Comestibles
 c - 5 bread rations
 d - 20 royal jellies
 h - 6 meat rations
 v - 3 fruits


   Skills:
 - Level 14.0 Fighting
 - Level 14.0 Long Blades
 - Level 2.1 Armour
 + Level 12.3 Dodging
 - Level 5.0 Shields


You had 12 spell levels left.
You didn't know any spells.

Dungeon Overview and Level Annotations

Branches:
Dungeon (15/15)            Temple (0/1) D:6             Orc (0/2) D:12
 Vaults (0/5) D:14
   Lair: D:8-11      Depths: D:15

Altars:
Dithmenos
Fedhas
Hepliaklqana
Kikubaaqudgha
Nemelex Xobeh
Okawaru
Vehumet
Xom

Shops:
D:4 ?   D:7 }


Innate Abilities, Weirdness & Mutations

You have a beak for a mouth.
You have claws for feet.
You can fly.
You have a pair of small antennae on your head.
You possess an exceptional clarity of mind.
Your mind is acute. (Int +2)
Your magical capacity is low. (-10% MP)
You are weak. (Str -2)


Message History

The slime creature misses something.
You eat one of the 4 fruits.
You are feeling very hungry.
Mmmm...
Yummy mangosteen.
Your brown ugly thing basks in the mutagenic energy from its kin and changes!
Your brown ugly thing stings the six-headed hydra!
The six-headed hydra explodes!
The fiery explosion engulfs your brown ugly thing.
Your brown ugly thing is severely wounded.
The fiery explosion engulfs your brown ugly thing.
You kill your brown ugly thing!
Your brown ugly thing's corpse dissolves into shadows!
The fiery explosion engulfs your two-headed ogre.
Your two-headed ogre is heavily wounded.
The fiery explosion engulfs the slime creature.
The slime creature is almost dead.
The fiery explosion engulfs your white ugly thing.
Your white ugly thing is moderately wounded.
The two-headed ogre hits you with a giant club!
You die...

#### #..## #...##########
##...#...>...#######
#..u§u.............
##.O.Ju.....#######
##@§#{......(..####
#..##u......##.....
##.###..........##.. #..#
#..........#### #.##
#..........# # #.#
#....<...######
#.####.......#......
#.##..........<#####
#######.##..........######


You could see 2 ugly things, a slime creature (inner flame), a two-headed ogre
and a friendly white ugly thing.

Vanquished Creatures
  A vault guard (D:14)
  A hydra (D:13)
  2 centaur warriors
  The ghost of Humpert the Grappler, a novice DrTm of Sif Muna (D:10)
  4 two-headed ogres
  3 slime creatures
  2 unseen horrors (D:14)
  A cyclops (D:13)
  4 manticores
  2 ugly things
  2 deep elf magi
  Maurice (D:12)
  Psyche (D:11)
  A gargoyle (D:14)
  A kobold demonologist (D:13)
  2 centaur skeletons (D:13)
  A freezing wraith (D:13)
  2 trolls
  A troll (shapeshifter) (D:14)
  A harpy skeleton (D:13)
  A meliai zombie (D:12)
  2 hippogriffs
  A shadow (D:12)
  2 wraiths (D:13)
  16 yaks
  A wyvern (D:11)
  2 hogs
  A vampire mosquito (D:14)
  A basilisk (D:11)
  A hungry ghost (D:9)
  A steam dragon (D:14)
  2 water moccasins
  A soldier ant (D:12)
  Duvessa (D:7)
  3 porcupines (D:8)
  2 sky beasts
  8 ice beasts
  2 black bears
  3 necrophages
  3 orc warriors
  3 phantoms
  8 ogres
  An eye of draining (D:9)
  12 centaurs
  2 big kobolds
  9 bullfrogs
  6 scorpions
  Dowan (D:7)
  11 howler monkeys
  3 crimson imps
  2 bullfrog zombies
  5 hounds
  9 jellies
  A quasit (D:9)
  3 centaur zombies
  16 orc priests
  4 bullfrog skeletons
  6 iguanas
  9 worker ants
  12 orc wizards
  A hound zombie (D:9)
  A howler monkey zombie (D:5)
  A worker ant zombie (D:7)
  16 adders
  8 gnolls
  A howler monkey skeleton (D:11)
  2 shadow imps
  5 oozes (D:13)
  An adder skeleton (D:9)
  6 worms
  2 dart slugs
  5 leopard geckos
  68 orcs
  5 ball pythons
  7 bats
  6 giant cockroaches
  9 goblins
  5 hobgoblins
  7 jackals
  10 quokkas
  4 frilled lizards
  16 kobolds
  2 quokka skeletons
  A quokka zombie (D:5)
  9 rats
409 creatures vanquished.

Vanquished Creatures (collateral kills)
  Kirke (D:13)
  A hydra (D:14)
  A yak (D:13)
  A wyvern skeleton (D:13)
4 creatures vanquished.

Vanquished Creatures (others)
  2 two-headed ogres
  A death drake (shapeshifter) (D:14)
  A deep elf mage (D:14)
  A manticore (D:14)
  A komodo dragon (D:12)
  A troll (D:10)
  A yak (D:14)
  A steam dragon (D:13)
  4 centaurs
  2 centaur zombies
  A jelly (D:13)
  A worker ant (D:13)
  3 orcs
20 creatures vanquished.

Grand Total: 433 creatures vanquished

Notes
Turn   | Place    | Note
-------+----------+-------------------------------------------
     0 | D:1      | Irenicus the Tengu Berserker began the quest for the Orb.
     0 | D:1      | Reached XP level 1. HP: 14/14 MP: 2/2
   272 | D:1      | Reached XP level 2. HP: 18/19 MP: 3/3
   622 | D:1      | Reached ** piety under Trog
   676 | D:2      | Reached XP level 3. HP: 20/23 MP: 4/4
   857 | D:2      | Reached skill level 5 in Long Blades
  1000 | D:2      | Reached XP level 4. HP: 15/28 MP: 5/5
  1146 | D:2      | Found an iron altar of Okawaru.
  1146 | D:2      | Found a hazy altar of Hepliaklqana.
  1394 | D:3      | Reached *** piety under Trog
  1785 | D:4      | Gained mutation: You can fly. [Tengu growth]
  1785 | D:4      | Reached XP level 5. HP: 11/32 MP: 6/6
  1905 | D:4      | Reached XP level 6. HP: 15/37 MP: 7/7
  1919 | D:4      | Gained mutation: Your muscles are strong. (Str +2) [potion of mutation]
  1919 | D:4      | Gained mutation: Your mind is acute. (Int +2) [potion of mutation]
  1919 | D:4      | Gained mutation: You possess an exceptional clarity of mind. [potion of mutation]
  2108 | D:4      | Reached XP level 7. HP: 16/41 MP: 4/8
  2294 | D:4      | Found a shimmering altar of Xom.
  2295 | D:4      | Found a blossoming altar of Fedhas.
  2331 | D:4      | Found a radiant altar of Vehumet.
  2420 | D:4      | Found Piukho Ahij's Magic Scroll Emporium.
  2558 | D:5      | Entered Level 5 of the Dungeon
  2689 | D:5      | Got an aquamarine-encrusted chain mail
  2700 | D:5      | Identified the cursed +1 chain mail of Uskayaw's Wrath {+Blink rElec Int-3} (You found it on level 5 of the Dungeon)
  2770 | D:5      | Reached skill level 10 in Long Blades
  2810 | D:5      | HP: 2/41 [poisoned by a worker ant]
  2948 | D:5      | Reached **** piety under Trog
  2948 | D:5      | Reached XP level 8. HP: 22/46 MP: 9/9
  3475 | D:6      | Found an ancient bone altar of Kikubaaqudgha.
  3766 | D:6      | Reached XP level 9. HP: 43/50 MP: 7/10
  3861 | D:6      | Found a staircase to the Ecumenical Temple.
  3962 | D:6      | Found a shimmering altar of Xom.
  4094 | D:7      | Found a sparkling altar of Nemelex Xobeh.
  4228 | D:7      | Noticed Dowan
  4233 | D:7      | Noticed Duvessa
  4234 | D:7      | Killed Dowan
  4240 | D:7      | Killed Duvessa
  4280 | D:7      | Found Wilaz's Gadget Shop.
  4522 | D:7      | Reached ***** piety under Trog
  4940 | D:8      | Reached XP level 10. HP: 30/56 MP: 7/11
  4976 | D:8      | Noticed a two-headed ogre
  5100 | D:8      | Reached skill level 5 in Dodging
  5162 | D:8      | Found a shadowy altar of Dithmenos.
  5503 | D:8      | Noticed a deep elf mage
  5511 | D:8      | Killed a deep elf mage
  5545 | D:8      | Noticed a seven-headed hydra
  5609 | D:8      | Noticed a two-headed ogre
  5662 | D:8      | Killed a two-headed ogre
  5892 | D:9      | Noticed a deep elf mage
  5903 | D:9      | Killed a deep elf mage
  6127 | D:9      | You fall through a shaft for 2 floors!
  6155 | D:11     | Noticed Psyche
  6164 | D:11     | Killed Psyche
  6164 | D:11     | Reached skill level 10 in Dodging
  6242 | D:11     | Reached XP level 11. HP: 60/60 MP: 12/12
  6499 | D:10     | Entered Level 10 of the Dungeon
  6499 | D:10     | Noticed Humpert's ghost (novice DrTm)
  6536 | D:10     | Killed Humpert's ghost
  6626 | D:10     | Received a gift from Trog
  6753 | D:10     | Lost mutation: Your muscles are strong. (Str +2) [mutagenic meat]
  6783 | D:10     | Reached skill level 1 in Shields
  7047 | D:9      | Reached skill level 5 in Fighting
  7553 | D:11     | Noticed a brown ugly thing
  7557 | D:11     | Banished a brown ugly thing
  7587 | D:11     | Noticed a manticore
  7602 | D:11     | Killed a manticore
  7791 | D:11     | Noticed a manticore
  7801 | D:11     | Killed a manticore
  8088 | D:12     | Noticed a white ugly thing
  8095 | D:12     | Banished a white ugly thing
  8225 | D:12     | Noticed a green ugly thing
  8236 | D:12     | Killed a green ugly thing
  8239 | D:12     | Gained mutation: You have a pair of small antennae on your head. [mutagenic meat]
  8240 | D:12     | Gained mutation: Your magical capacity is low. (-10% MP) [mutagenic meat]
  8241 | D:12     | Gained mutation: You are weak. (Str -2) [mutagenic meat]
  8549 | D:12     | Noticed a manticore
  8556 | D:12     | Killed a manticore
  8556 | D:12     | Reached XP level 12. HP: 57/72 MP: 7/11
  8670 | D:12     | Found a staircase to the Orcish Mines.
  8842 | D:12     | Reached skill level 5 in Shields
  8995 | D:12     | Noticed a two-headed ogre
  9037 | D:12     | Received a gift from Trog
  9233 | D:13     | Noticed Maurice
  9233 | D:13     | Noticed a centaur warrior
  9233 | D:13     | Noticed a two-headed ogre
  9250 | D:12     | Killed Maurice
  9592 | D:12     | Killed a two-headed ogre
  9696 | D:13     | Reached skill level 10 in Fighting
  9719 | D:13     | Noticed Kirke
  9764 | D:13     | Killed a centaur warrior
 10072 | D:12     | Noticed a two-headed ogre
 10079 | D:12     | Banished a two-headed ogre
 10100 | D:13     | Noticed a six-headed hydra
 10104 | D:13     | Killed a seven-headed hydra
 10110 | D:13     | Killed Kirke
 10112 | D:13     | HP: 1/121 [cyclops/large rock (28)]
 10124 | D:13     | Reached XP level 13. HP: 35/86 MP: 10/12
 10140 | D:13     | Got an ichor-stained morningstar {venom}
 10570 | D:14     | Got a faintly glowing glass ring
 10571 | D:14     | Identified the ring "Zukitan" {+Fly Dex+5} (You found it on level 14 of the Dungeon)
 10715 | D:14     | Reached ****** piety under Trog
 10729 | D:14     | Noticed a vault guard
 10918 | D:14     | Killed a vault guard
 11195 | D:14     | Found a gate to the Vaults.
 11440 | D:15     | Entered Level 15 of the Dungeon
 11446 | D:15     | Noticed a yaktaur captain
 11446 | D:15     | Noticed a fire dragon
 11446 | D:15     | Noticed a yaktaur captain
 11447 | D:15     | Noticed a yaktaur captain
 11471 | D:14     | Mangled by a two-headed ogre

Skill      XL: |  1  2  3  4  5  6  7  8  9 10 11 12 13 |
---------------+----------------------------------------+-----
Long Blades    | 4 5 6 7 8 10 12 14 | 14.0
Dodging        | 4 10 12 | 12.3
Fighting       | 7 12 14 | 14.0
Shields        | 4 5 |  5.0
Armour         | |  2.1

Action                   |  1- 3 |  4- 6 |  7- 9 | 10-12 | 13-15 || total
-------------------------+-------+-------+-------+-------+-------++-------
Melee: Falchion          |    69 |   101 |   287 |   212 |       ||   669
       Kick              |    21 |    27 |   117 |   225 |    78 ||   468
       Peck              |     9 |    23 |    84 |   124 |    44 ||   284
       Scimitar          |       |       |       |   329 |   142 ||   471
Invok: Berserk           |       |     4 |     6 |    19 |     3 ||    32
       Trog's Hand       |       |     1 |       |     1 |       ||     2
       Brothers in Arms  |       |       |       |     1 |       ||     1
 Abil: Fly               |       |     3 |     9 |    25 |     6 ||    43
Evoke: Wand              |       |       |       |     2 |     4 ||     6
  Use: Potion            |       |     8 |     1 |     3 |     1 ||    13
       Scroll            |       |       |     6 |       |     4 ||    10
 Stab: Sleeping          |     2 |       |     3 |     1 |       ||     6
  Eat: Chunk             |       |     7 |    16 |    38 |     7 ||    68
       Fruit             |       |       |       |     7 |     2 ||     9
Armor: Animal skin       |     7 |    14 |    20 |       |       ||    41
       Leather armour    |       |       |    12 |    45 |     5 ||    62
       Steam dragon scal |       |       |       |       |    12 ||    12
Dodge: Dodged            |    39 |    50 |    92 |   264 |    96 ||   541
Block: Other             |     6 |    25 |    35 |    30 |       ||    96
       Reflection        |       |       |     1 |    22 |     9 ||    32
       Buckler           |       |       |       |   136 |    55 ||   191
       Rpst.: Falchion   |    11 |    15 |    32 |    28 |       ||    86
       Scimitar          |       |       |       |    37 |    19 ||    56
